 Dungeon Sprint DCSS version 0.24-a0-250-g6074511 (webtiles) character file.

Game seed: 17556431689310946627

4654 MikeHunt the Destroyer (level 10, -5/84 HPs)
             Began as a Green Draconian Conjurer on Apr 14, 2019.
             Was the Champion of Vehumet.
             Slain by a flying skull (12 damage)
             ... in the Dungeon (Sprint V: "Ziggurat Sprint").
             The game lasted 00:10:49 (902 turns).

MikeHunt the Destroyer (Green Draconian Conjurer)    Turns: 902, Time: 00:10:50

Health: -5/84      AC:  7    Str: 10    XL:     10   Next: 20%
Magic:  27/38      EV: 15    Int: 31    God:    Vehumet [******]
Gold:   0          SH:  5    Dex: 12    Spells: 10/27 levels left

rFire    . . .     SeeInvis .   Y - staff of power {!a}
rCold    + . .     Gourm    .   W - +0 buckler {rC+}
rNeg     . . .     Faith    .   (armour unavailable)
rPois    +         Spirit   .   (helmet restricted)
rElec    .         Reflect  .   (no cloak)
rCorr    .         Harm     .   (no gloves)
MR       .....     NoTele   +   (no boots)
Stlth    +++.......             (no amulet)
HPRegen  0.24/turn              z - +6 ring of intelligence
MPRegen  0.26/turn              y - +6 ring of intelligence

@: slowed, very slow
A: breathe noxious fumes, unfitting armour, poison resistance, cold-blooded, AC
+7
a: Breathe Noxious Fumes, Renounce Religion


You were in the Dungeon.
You worshipped Vehumet.
Vehumet was exalted by your worship.
You were not hungry.

You visited 1 branch

Inventory:

Hand Weapons
 E - the +8 lance "Wyrmbane" {slay drac, rPois rF+ rC+ AC+3}
   (You found it in the Dungeon)

   It affects your AC (+3).
   It protects you from fire.
   It protects you from cold.
   It protects you from poison.
 F - the +9 heavy crossbow "Sniper" {velocity, Acc+∞ SInv}
   (You found it in the Dungeon)

   Any bolt fired from it inflicts extra damage.
   It lets you see invisible.
 G - the +6 Majin-Bo {vamp, Archmagi MP+6 Int+6}
   (You found it in the Dungeon)

   It inflicts no extra harm, but heals its wielder when it wounds a living foe.
   It affects your intelligence (+6).
   It affects your magic capacity (+6).
 I - a +5 double sword
Armour
 H - the +18 shield of the Gong {rElec rN+ MR+ EV-5}
   (You found it in the Dungeon)

   It affects your evasion (-5).
   It insulates you from electricity.
   It protects you from negative energy.
   It affects your resistance to hostile enchantments.
 J - a +3 shield
 K - a +3 large shield
 W - a +0 buckler of cold resistance (worn)
Magical Staves
 u - an uncursed staff of energy {!a}
 N - an uncursed staff of death
 S - a cursed staff of air
 Y - an uncursed staff of power (weapon) {!a}
Jewellery
 k - an uncursed ring of see invisible
 w - a +6 ring of dexterity
 x - a +6 ring of dexterity
 y - a +6 ring of intelligence (right hand)
 z - a +6 ring of intelligence (left hand)
 A - a +6 ring of strength
 B - a +6 ring of strength
 C - an uncursed ring of flight
 M - an uncursed amulet of rage
 O - a +2 ring of dexterity
 Q - an uncursed ring of wizardry
 T - the ring "Inyafad" {Str+3 Int+3 Stlth+}
   (You found it in the Dungeon)

   [ring of strength]

   It affects your strength (+3).
   It affects your intelligence (+3).
   It makes you more stealthy.
 X - an uncursed ring of ice
Wands
 r - a wand of disintegration (5)
 s - a wand of iceblast (4)
 t - a wand of acid (7)
Scrolls
 h - 3 scrolls of blinking
 n - 7 scrolls of fog
 o - 5 scrolls of identify
 p - 5 scrolls of remove curse
 q - 2 scrolls of fear
Potions
 a - 2 potions of brilliance
 c - 10 potions of curing
 d - 9 potions of heal wounds
 e - 6 potions of haste
 f - 7 potions of magic
 g - 3 potions of berserk rage
 i - 2 potions of invisibility
 j - 4 potions of resistance
 l - 5 potions of agility
 m - 6 potions of might
Miscellaneous
 v - a crystal ball of energy
 D - a lightning rod (2/4)
 L - 2 sacks of spiders
 P - a lamp of fire
 R - a fan of gales
 U - a box of beasts
 V - a phantom mirror
Comestibles
 b - 7 rations


   Skills:
 - Level 6.8 Fighting
 - Level 2.1 Polearms
 - Level 6.0 Dodging
 - Level 6.5 Stealth
 - Level 7.0 Shields
 + Level 9.4 Spellcasting
 + Level 10.9 Conjurations
 + Level 9.7 Ice Magic
 + Level 9.7 Air Magic
 - Level 6.2 Evocations


You had 10 spell levels left.
You knew the following spells:

 Your Spells              Type           Power        Failure   Level  Hunger
d - Iskenderun's Mystic   Conj           ######..     1%          4    None
e - Magic Dart            Conj           ####         1%          1    None
r - Searing Ray           Conj           ######       1%          2    None
t - Freezing Cloud        Conj/Ice/Air   ######....   2%          6    #####..
y - Fulminant Prism       Conj/Hex       #####.....   1%          4    None

Your spell library contained the following spells:

 Spells                   Type           Power        Failure   Level  Hunger
 Airstrike                Air            ######....   1%          4    None
 Ensorcelled Hibernation  Hex/Ice        #####.       1%          2    None
 Poisonous Vapours        Pois/Air       #####.       1%          2    None
 Swiftness                Chrm/Air       #####...     1%          2    None
 Conjure Flame            Conj/Fire      #####...     1%          3    None
 Dazzling Spray           Conj/Hex       #####.       1%          3    None
 Mephitic Cloud           Conj/Pois/Air  ######..     1%          3    None
 Force Lance              Conj/Tloc      #####...     1%          4    None
 Corona                   Hex            ##.....      3%          1    None
 Summon Lightning Spire   Summ/Air       #####...     4%          4    None
 Confuse                  Hex            ##......     11%         3    None
 Spectral Weapon          Hex/Chrm       ##......     11%         3    None
 Tukima's Dance           Hex            ##......     11%         3    None
 Borgnjor's Vile Clutch   Necr/Erth      ##........   67%         5    ###....
 Ring of Flames           Chrm/Fire      ##........   100%        7    ######.
 Controlled Blink         Tloc           N/A          100%        8    #######
 Tornado                  Air            ######....   100%        9    #######


Dungeon Overview and Level Annotations

Branches:
Dungeon (1/1)

Altars:
Ashenzari
Cheibriados
Dithmenos
Elyvilon
Fedhas
Gozag
Hepliaklqana
Kikubaaqudgha
Makhleb
Nemelex Xobeh
Okawaru
Qazlal
Ru
Sif Muna
Trog
Uskayaw
Vehumet
Wu Jian
Xom
Yredelemnul
Zin
The Shining One
Beogh
Jiyva
Lugonu


Innate Abilities, Weirdness & Mutations

You can breathe blasts of noxious fumes.
Your lurid green scales are hard. (AC +7)
You cannot fit into any form of body armour.
Your system is resistant to poisons. (rPois)
You are cold-blooded and may be slowed by cold attacks.


Message History

Press: ? - help, Shift-Dir - straight line, f/p - greater mummy
Aim: a greater mummy, wielding a +2 mace of draining (moderately damaged)
The thunderbolt hits the mummy priest.
The mummy priest resists.
The mummy priest is moderately damaged.
The thunderbolt hits the flying skull.
The flying skull resists.
The flying skull is heavily damaged.
The thunderbolt hits the death scarab!
You destroy the death scarab!
The death scarab's corpse disappears in a puff of smoke!
The thunderbolt hits the mummy priest.
The mummy priest resists.
The mummy priest is moderately damaged.
The thunderbolt hits the greater mummy.
The greater mummy resists.
The greater mummy is moderately damaged.
The thunderbolt hits the flying skull.
The flying skull resists.
The flying skull is severely damaged.
The death scarab bites you!!
* * * LOW HITPOINT WARNING * * *
The death scarab draws strength from your injuries!
You block the death scarab's attack. The flying skull hits you!
You die...

▓..}W§:)..▓
▓.WM§M§"..▓
▓...§§§...▓
▓.....Ms..▓
▓...M.....▓
▓...szM...▓
▓.▓..§z.▓.▓
▓....@s...▓
▓▓▓▓▓▓▓▓▓▓▓


You could see a greater mummy, 2 mummy priests, a phantasmal warrior, a guardian
mummy, a hungry ghost, 3 death scarabs, 2 flying skulls and a mummy.

Vanquished Creatures
  An ugly thing (D)
  2 spiny frogs (D)
  3 jumping spiders (D)
  3 merfolk (D)
  3 hippogriffs (D)
  2 tarantellas (D)
  A redback (D)
  A human (shapeshifter) (D)
  A steam dragon (shapeshifter) (D)
  A hell hound (D)
  2 porcupines (D)
  A phantom (D)
  2 necrophages (D)
  2 centaurs (D)
  A crocodile (shapeshifter) (D)
  A bullfrog (D)
  4 scorpions (D)
  A quasit (D)
  2 mummies (D)
  A river rat (D)
  A white imp (D)
  An adder zombie (D)
  A worm (shapeshifter) (D)
  4 bat zombies (D)
  A ball python zombie (D)
  A giant cockroach zombie (D)
  A jackal zombie (D)
  A leopard gecko zombie (D)
  A quokka skeleton (D)
  A quokka zombie (D)
48 creatures vanquished.

Vanquished Creatures (others)
  A spatial maelstrom (D)
  9 fulminant prisms (D)
10 creatures vanquished.

Grand Total: 58 creatures vanquished

Notes
Turn   | Place    | Note
-------+----------+-------------------------------------------
     0 | D        | Found the +6 Majin-Bo {vamp, Archmagi MP+6 Int+6}
     0 | D        | Found the +7 great mace "Firestarter" {inner flame, rF++}
     0 | D        | MikeHunt the Draconian Conjurer began the quest for the
                  | Orb.
     0 | D        | Reached XP level 1. HP: 14/14 MP: 3/3
     1 | D        | Found a deep blue altar of Sif Muna.
     1 | D        | Found a bloodstained altar of Trog.
     1 | D        | Found a sacrificial altar of Ru.
     1 | D        | Found a stormy altar of Qazlal.
     1 | D        | Found an iron altar of Okawaru.
     2 | D        | Found a sparkling altar of Nemelex Xobeh.
     2 | D        | Found a blossoming altar of Fedhas.
     3 | D        | Banished a spatial maelstrom
     4 | D        | Found a transporter.
     4 | D        | Found an ancient bone altar of Kikubaaqudgha.
     4 | D        | Found a viscous altar of Jiyva.
     4 | D        | Found a corrupted altar of Lugonu.
     4 | D        | Found a hazy altar of Hepliaklqana.
     4 | D        | Found a burning altar of Makhleb.
     4 | D        | Found an opulent altar of Gozag.
    22 | D        | Found the +6 shillelagh "Devastator" {shatter}
    22 | D        | Found the +11 plutonium sword {*Contam Stlth-}
    22 | D        | Found the +8 lance "Wyrmbane" {slay drac, rPois rF+ rC+
                  | AC+3}
    22 | D        | Found the +9 sword of Zonguldrok {reap}
    22 | D        | Found the cursed +13 scythe of Curses {drain, *Curse}
    22 | D        | Found the +0 sword of Power
    22 | D        | Found the +7 mace of Variability {chain chaos}
    22 | D        | Found the +7 Singing Sword {slice, sonic wave}
    22 | D        | Found the +7 longbow "Piercer" {penet, EV-2}
    24 | D        | Found the +9 heavy crossbow "Sniper" {velocity, Acc+∞ SInv}
    24 | D        | Found the +10 dark maul {crush}
    24 | D        | Found the +15 Maxwell's patent armour {-Cast -Tele rElec
                  | MR+ rCorr}
    24 | D        | Found the +18 shield of the Gong {rElec rN+ MR+ EV-5}
    24 | D        | Found the cursed +14 obsidian axe {chop, +Fly SInv *Curse}
    67 | D        | Became a worshipper of Vehumet
    79 | D        | Reached skill level 5 in Spellcasting
    79 | D        | Reached skill level 6 in Conjurations
    79 | D        | Reached XP level 2. HP: 20/20 MP: 4/8
    83 | D        | Learned a level 2 spell: Searing Ray
    84 | D        | Entered arena 2.
    84 | D        | Found a transporter.
    96 | D        | Entered arena 3.
    96 | D        | Found a transporter.
    98 | D        | Reached * piety under Vehumet
    98 | D        | Offered knowledge of Sting by Vehumet.
   117 | D        | Entered arena 4.
   117 | D        | Noticed a scorpion
   117 | D        | Noticed a scorpion
   117 | D        | Noticed a scorpion
   117 | D        | Noticed a jumping spider
   117 | D        | Found a transporter.
   119 | D        | Killed a scorpion
   119 | D        | Reached ** piety under Vehumet
   119 | D        | Reached skill level 7 in Conjurations
   119 | D        | Reached XP level 3. HP: 26/26 MP: 10/10
   121 | D        | Killed a scorpion
   121 | D        | Reached skill level 8 in Conjurations
   121 | D        | Reached XP level 4. HP: 24/33 MP: 10/12
   122 | D        | Reached XP level 5. HP: 27/38 MP: 11/14
   124 | D        | Killed a jumping spider
   124 | D        | Reached skill level 9 in Conjurations
   124 | D        | Reached XP level 6. HP: 33/45 MP: 12/17
   165 | D        | Learned a level 6 spell: Freezing Cloud
   170 | D        | Learned a level 4 spell: Iskenderun's Mystic Blast
   175 | D        | Learned a level 4 spell: Fulminant Prism
   176 | D        | Entered arena 5.
   176 | D        | Noticed a hell hound
   176 | D        | Found a transporter.
   179 | D        | Reached *** piety under Vehumet
   179 | D        | Reached skill level 1 in Ice Magic
   179 | D        | Reached skill level 1 in Air Magic
   179 | D        | Killed a hell hound
   179 | D        | Your scales start taking on a lurid green colour.
   179 | D        | Reached XP level 7. HP: 45/50 MP: 13/18
   179 | D        | Gained mutation: Your system is resistant to poisons.
                  | (rPois) [Green Draconian growth]
   186 | D        | Reached **** piety under Vehumet
   302 | D        | Entered arena 6.
   302 | D        | Noticed a steam dragon
   302 | D        | Noticed a human
   302 | D        | Noticed a green ugly thing
   302 | D        | Found a transporter.
   304 | D        | Offered knowledge of Throw Flame by Vehumet.
   305 | D        | Killed a human
   305 | D        | Reached skill level 5 in Ice Magic
   305 | D        | Reached skill level 5 in Air Magic
   305 | D        | Killed a steam dragon
   308 | D        | Killed a green ugly thing
   308 | D        | Reached XP level 8. HP: 53/57 MP: 11/20
   308 | D        | Reached ***** piety under Vehumet
   331 | D        | Entered arena 7.
   331 | D        | Noticed a spiny frog
   331 | D        | Noticed a spiny frog
   332 | D        | Reached skill level 1 in Fighting
   332 | D        | Reached skill level 1 in Evocations
   336 | D        | Killed a spiny frog
   339 | D        | Killed a spiny frog
   339 | D        | Reached skill level 5 in Stealth
   339 | D        | Reached XP level 9. HP: 73/73 MP: 9/21
   340 | D        | Found a transporter.
   419 | D        | Got the Papyrus of Aerial Evil
   424 | D        | Entered arena 8.
   424 | D        | Noticed a jumping spider
   424 | D        | Noticed a jumping spider
   428 | D        | Reached skill level 5 in Fighting
   429 | D        | Reached skill level 5 in Dodging
   429 | D        | Reached skill level 5 in Evocations
   429 | D        | Reached ****** piety under Vehumet
   433 | D        | Killed a jumping spider
   433 | D        | Reached skill level 1 in Polearms
   437 | D        | Killed a jumping spider
   438 | D        | Found a transporter.
   510 | D        | Got the Compendium of Hexes and Translocation
   516 | D        | Got the ring "Inyafad" {Str+3 Int+3 Stlth+}
   541 | D        | Entered arena 9.
   545 | D        | Offered knowledge of Inner Flame by Vehumet.
   548 | D        | Found a transporter.
   551 | D        | Reached skill level 10 in Conjurations
   626 | D        | Entered arena 10.
   626 | D        | Noticed a merfolk
   626 | D        | Noticed a merfolk
   626 | D        | Noticed a merfolk
   632 | D        | Killed a merfolk
   632 | D        | Reached XP level 10. HP: 65/84 MP: 16/22
   642 | D        | Found a transporter.
   897 | D        | Entered arena 11.
   897 | D        | Noticed a mummy priest
   897 | D        | Noticed a mummy priest
   897 | D        | Noticed a greater mummy
   899 | D        | Noticed a death scarab
   899 | D        | Noticed a death scarab
   899 | D        | Noticed a death scarab
   899 | D        | Noticed a death scarab
   900 | D        | Offered knowledge of Airstrike by Vehumet.
   901 | D        | Noticed a phantasmal warrior
   902 | D        | Slain by a flying skull

Levels and vault maps discovered:
D:        sprint_v [room_start, room_1, room_2, room_3, room_4, room_5, room_6,
          room_7, room_8, room_9, room_10, room_11, room_12, room_13, room_14,
          room_15, room_16, room_17, room_18, room_19, room_20, room_21,
          room_22, room_23, room_24, room_25, room_26, room_27]

Skill      XL: |  1  2  3  4  5  6  7  8  9 10 |
---------------+-------------------------------+-----
Spellcasting   | 5 6 7 8 9 |  9.4
Conjurations   | 6 7 8 9 10 | 10.9
Shields        | 2 4 7 |  7.0
Ice Magic      | 3 7 8 9 |  9.7
Air Magic      | 3 7 8 9 |  9.7
Fighting       | 4 6 |  6.8
Dodging        | 4 6 |  6.0
Stealth        | 5 6 |  6.5
Evocations     | 4 6 |  6.2
Polearms       | 2 |  2.1

Action                   |  1- 3 |  4- 6 |  7- 9 | 10-12 || total
-------------------------+-------+-------+-------+-------++-------
Melee: Lance             |     8 |     1 |    20 |     6 ||    35
       Tailslap          |       |       |     3 |       ||     3
 Cast: Fulminant Prism   |       |     1 |     6 |     2 ||     9
       Searing Ray       |       |     1 |     1 |       ||     2
       Freezing Cloud    |       |       |     5 |     1 ||     6
       Iskenderun's Myst |       |       |     3 |       ||     3
Evoke: Wand              |     2 |     1 |     2 |       ||     5
       Lightning rod     |       |     2 |       |     4 ||     6
  Use: Potion            |     1 |       |       |     1 ||     2
       Scroll            |     1 |       |       |       ||     1
  Eat: Chunk             |       |       |     1 |     1 ||     2
Armor: Skin              |     1 |       |     6 |     1 ||     8
Dodge: Dodged            |     4 |       |    11 |    11 ||    26
Block: Buckler           |     1 |     1 |     8 |    10 ||    20

Table legend:
 A = Non-vault XP
 B = Vault XP
 C = Vault XP percentage of total XP
 D = Non-vault monster count
 E = Vault monster count
 F = Vault count percentage of total count
                 A         B        C        D         E       F
            +---------+---------+-------+---------+---------+-------
      Total |       0 |    6637 | 100.0 |       0 |      48 | 100.0
            +---------+---------+-------+---------+---------+-------
          D |       0 |    6637 | 100.0 |       0 |      48 | 100.0
            +---------+---------+-------+---------+---------+-------
